 Dungeon Crawl Stone Soup version 0.25.1-2-g60ff931df9 (webtiles) character file.

Game seed: 10806669112648481551

6287 H0rd4k the Covert (level 10, -3/65 HPs)
             Began as an Octopode Transmuter on Aug 21, 2020.
             Was an Initiate of Gozag.
             Slain by a wolf spider zombie (8 damage)
             ... on level 11 of the Dungeon.
             The game lasted 00:26:10 (14544 turns).

H0rd4k the Covert (Octopode Transmuter)            Turns: 14544, Time: 00:26:11

Health: -3/65      AC:  1    Str: 11    XL:     10   Next: 94%
Magic:  9/19       EV: 15    Int: 18    God:    Gozag
Gold:   2145       SH:  0    Dex: 12    Spells: 7/21 levels left

rFire    + . .     SeeInvis .     - Unarmed
rCold    . . .     Gourm    .   (shield currently unavailable)
rNeg     . . .     Faith    .   (helmet restricted)
rPois    +         Spirit   .   (no amulet)
rElec    .         Reflect  .   j - ring of flight
rCorr    .         Harm     .   o - ring of poison resistance
MR       .....                  A - ring of wizardry
Stlth    +++++.....             q - ring of protection from fire
HPRegen  0.20/turn              (no ring)
MPRegen  0.16/turn              (no ring)
                                (no ring)
                                (no ring)

@: blade tentacles, very slightly contaminated
A: almost no armour, stealthy swim, amphibious, 8 rings, constrict 8, camouflage
1, gelatinous body 1
a: End Transformation, Potion Petition, Call Merchant, Bribe Branch, Renounce
Religion, Evoke Flight


You were on level 11 of the Dungeon.
You worshipped Gozag.
Gozag was most pleased with you.
You were not hungry.
You had blades for tentacles.
You visited 2 branches of the dungeon, and saw 12 of its levels.

You collected 2282 gold pieces.
You spent 24 gold pieces at shops.
You paid 113 gold pieces to Gozag.

Inventory:

Hand Weapons
 e - the +5 dagger "Ucven" (melded) {freeze, +Rage rN+ Dex+5}
   (You found it on level 4 of the Dungeon)

   It has been specially enchanted to freeze those struck by it, causing extra
   injury to most foes and up to half again as much damage against particularly
   susceptible opponents.
   It can also slow down cold-blooded creatures.
   It affects your dexterity (+5).
   It protects you from negative energy.
   It lets you go berserk.
Missiles
 a - 229 arrows
 y - 7 poisoned darts (quivered)
Magical Staves
 z - an uncursed staff of poison
Jewellery
 j - a ring of flight (left scythe-like blade)
 o - a ring of poison resistance (right scythe-like blade)
 q - a ring of protection from fire (on tentacle)
 A - a ring of wizardry (on tentacle)
Wands
 n - a wand of random effects (22)
 p - a wand of digging (6)
Scrolls
 d - 3 scrolls of amnesia
 f - 4 scrolls of remove curse
 g - 2 scrolls of fear
 h - 2 scrolls of identify
 i - a scroll of teleportation
 l - 3 scrolls of magic mapping
 r - 3 scrolls of immolation
 s - 2 scrolls of fog
 u - a scroll of blinking
 B - a scroll of enchant armour
Potions
 k - 3 potions of magic
 m - 2 potions of heal wounds
 t - 9 potions of curing
 v - a potion of brilliance
 w - 3 potions of lignification
 x - a potion of might
 D - a potion of cancellation
Miscellaneous
 C - a tin of tremorstones (3/3)
Comestibles
 c - 13 rations


   Skills:
 + Level 4.6 Fighting
 - Level 5.5 Short Blades
 + Level 5.3 Dodging
 + Level 10.6 Stealth
 + Level 5.1 Unarmed Combat
 + Level 6.2 Spellcasting
 * Level 2.1 Charms
 + Level 7.1 Transmutations
 * Level 2.4 Ice Magic
 + Level 2.2 Evocations


You had 7 spell levels left.
You knew the following spells:

 Your Spells              Type           Power        Failure   Level  Hunger
a - Beastly Appendage     Tmut           ####..       5%          1    None
b - Sticks to Snakes      Tmut           ####....     6%          2    None
c - Spider Form           Tmut/Pois      ###.......   19%         3    ##.....
d - Blade Hands           Tmut           ####......   28%         5    #####..
e - Ozocubu's Armour      Chrm/Ice       ##......     26%         3    ##.....

Your spell library contained the following spells:

 Spells                   Type           Power        Failure   Level  Hunger
 Freeze                   Ice            ##..         12%         1    None
 Animate Skeleton         Necr           N/A          22%         1    None
 Apportation              Tloc           #.....       22%         1    None
 Corona                   Hex            #......      22%         1    None
 Summon Small Mammal      Summ           #...         22%         1    None
 Frozen Ramparts          Ice            ##....       24%         3    ##.....
 Ice Form                 Ice/Tmut       ###.....     26%         4    ####...
 Hailstorm                Conj/Ice       #.......     58%         4    ####...
 Summon Ice Beast         Ice/Summ       #.......     58%         4    ####...


Dungeon Overview and Level Annotations

Branches:
Dungeon (11/15)            Temple (1/1) D:6
   Lair: D:8-11         Orc: D:9-12

Altars:
Ashenzari
Cheibriados
Dithmenos
Elyvilon
Fedhas
Gozag
Hepliaklqana
Kikubaaqudgha
Makhleb
Nemelex Xobeh
Okawaru
Qazlal
Ru
Sif Muna
Trog
Uskayaw
Vehumet
Wu Jian
Xom
Yredelemnul
Zin
The Shining One

Shops:
D:7 **:(}

Annotations:
D:3 exclusion: downstairs
D:4 1 runed translucent door, exclusions: downstairs and 3 killer bees, Curus's ghost, amateur MiFi
D:6 1 runed translucent door, exclusion: door, Crazy Yiuf
D:7 3 runed translucent doors, exclusion: door
D:8 exclusion: downstairs
D:9 exclusions: downstairs and troll
D:10 1 runed translucent door, exclusions: door and 2 downstairs, Zutoavo's ghost, journeyman GnFi


Innate Abilities, Weirdness & Mutations

You cannot wear most types of armour.
You are very stealthy in the water. (Stealth+)
You are amphibious.
You can wear up to eight rings at the same time.
You can use your tentacles to constrict eight enemies at once.
Your skin changes colour to match your surroundings (Stealth+).
Your rubbery body absorbs attacks. (AC +1, EV +1)


Message History

Casting: Blade Hands (dangerous; 7% risk of failure)
Confirm with . or Enter, or press ? or * to list all spells.
Your tentacles turn into razor-sharp scythe blades.
The +5 dagger "Ucven" {freeze, +Rage rN+ Dex+5} melds into your body.
The +5 dagger "Ucven" {freeze, +Rage rN+ Dex+5} stops glowing.
The meliai zombie closely misses you. The meliai zombie hits you!
The centaur warrior skeleton barely misses you.
The meliai zombie completely misses you.
The meliai zombie hits you! The wolf spider zombie hits you!
The wolf spider zombie bites you.
* * * LOW HITPOINT WARNING * * *
The meliai zombie misses you. The meliai zombie hits you.
* * * LOW HITPOINT WARNING * * *
The centaur warrior skeleton hits you.
* * * LOW HITPOINT WARNING * * *
The bullfrog skeleton hits you.
* * * LOW HITPOINT WARNING * * *
The wolf spider zombie hits you!
You die...
Your body crumbles into a pile of gold.

##...#..........(∩...
#.?.
#.....8....)=..P.
##.#
#^...........P... ##
#....88.........
##.<.48...P......
#....Z5..........
##.###...Z..P8..# ##
#..ZZZ.....#
##.Z@...#. ##.#...#
####.## ##


You could see a hellwing, a shadow imp, a wolf spider zombie, a centaur warrior
zombie, a meliai zombie, a bullfrog skeleton, a wyvern skeleton and a centaur
warrior skeleton.

Vanquished Creatures
  Pikel (D:5)
  A gargoyle (D:10)
  A hellwing (D:10)
  A hippogriff (D:10)
  A spriggan (D:7)
  A steam dragon (D:9)
  Menkaure (D:5)
  A water moccasin (D:3)
  2 sky beasts
  2 slaves (D:5)
  6 ice beasts
  A phantom (D:8)
  A black bear (D:10)
  5 centaurs
  7 ogres
  6 bullfrogs
  A water moccasin zombie (D:10)
  4 scorpions
  2 wyvern skeletons
  A water moccasin skeleton (D:4)
  8 killer bees
  5 wights (D:8)
  2 howler monkeys
  A crimson imp (D:10)
  A centaur zombie (D:8)
  4 hounds
  A quasit (D:8)
  A centaur skeleton (D:9)
  2 jellies
  A bullfrog skeleton (D:6)
  6 orc priests
  Ijyb (D:2)
  An iguana (D:6)
  8 orc wizards
  5 worker ants
  A hound zombie (D:9)
  A hound skeleton (D:9)
  A worker ant zombie (D:10)
  10 gnolls
  4 adders
  2 shadow imps
  2 oozes
  An adder skeleton (D:5)
  A dart slug (D:2)
  6 leopard geckos
  36 orcs
  2 ball pythons
  5 bats
  11 giant cockroaches
  13 goblins
  7 hobgoblins
  11 jackals
  4 quokkas
  3 frilled lizards
  3 kobolds (D:1)
  A leopard gecko skeleton (D:5)
  A leopard gecko zombie (D:5)
  A quokka skeleton (D:4)
  10 rats
230 creatures vanquished.

Vanquished Creatures (collateral kills)
  An orc warrior (D:10)
  An orc wizard (D:10)
  2 orcs (D:10)
4 creatures vanquished.

Vanquished Creatures (others)
  A scorpion (D:5)
  A worker ant (D:4)
  An orc (D:4)
  A quokka (D:4)
4 creatures vanquished.

Grand Total: 238 creatures vanquished

Notes
Turn   | Place    | Note
-------+----------+-------------------------------------------
     0 | D:1      | H0rd4k the Octopode Transmuter began the quest for the Orb.
     0 | D:1      | Reached XP level 1. HP: 13/13 MP: 3/3
    13 | D:1      | You fall into a shaft and drop 1 floor!
   335 | D:2      | Reached XP level 2. HP: 15/18 MP: 5/5
   983 | D:2      | Noticed Ijyb
  1001 | D:2      | Reached XP level 3. HP: 18/23 MP: 6/6
  1001 | D:2      | Paralysed by Ijyb for 3 turns
  1011 | D:2      | Paralysed by Ijyb for 2 turns
  1016 | D:2      | Killed Ijyb
  1440 | D:1      | Found a shattered altar of Ashenzari.
  1456 | D:1      | You fall into a shaft and drop 1 floor!
  1511 | D:1      | Reached skill level 1 in Stealth
  1511 | D:1      | Reached XP level 4. HP: 18/28 MP: 7/7
  2286 | D:4      | Got a fading dagger
  2287 | D:4      | Identified the +5 dagger "Ucven" {freeze, +Rage rN+ Dex+5}
                  | (You found it on level 4 of the Dungeon)
  2555 | D:4      | Found a bloodstained altar of Trog.
  2643 | D:4      | Reached XP level 5. HP: 33/33 MP: 8/8
  2728 | D:3      | Noticed a water moccasin
  2737 | D:3      | Found a blossoming altar of Fedhas.
  3139 | D:3      | Reached skill level 2 in Stealth
  3422 | D:3      | Reached XP level 6. HP: 38/38 MP: 10/10
  3474 | D:3      | Reached skill level 1 in Short Blades
  3619 | D:3      | Learned a level 2 spell: Sticks to Snakes
  3623 | D:3      | Learned a level 3 spell: Spider Form
  3793 | D:3      | Found a faded altar of an unknown god.
  3835 | D:3      | Killed a water moccasin
  3835 | D:3      | Reached skill level 3 in Stealth
  3849 | D:3      | Reached XP level 7. HP: 44/44 MP: 11/11
  4298 | D:4      | Reached skill level 4 in Stealth
  4305 | D:4      | Reached skill level 1 in Evocations
  4594 | D:4      | Found a shimmering altar of Xom.
  5522 | D:4      | Reached XP level 8. HP: 51/51 MP: 13/13
  5530 | D:4      | Found a shattered altar of Ashenzari.
  5546 | D:4      | Found a runed translucent door.
  5547 | D:4      | Noticed Curus's ghost (amateur MiFi)
  5719 | D:5      | Entered Level 5 of the Dungeon
  5867 | D:5      | Found an iron altar of Okawaru.
  5877 | D:5      | Reached skill level 5 in Stealth
  6182 | D:5      | Noticed Menkaure
  6607 | D:5      | Found a shadowy altar of Dithmenos.
  6892 | D:5      | Noticed Pikel
  6914 | D:5      | Killed Pikel
  6914 | D:5      | Reached skill level 6 in Stealth
  6914 | D:5      | Reached XP level 9. HP: 38/57 MP: 15/15
  7216 | D:5      | Found a burning altar of Makhleb.
  7255 | D:5      | Killed Menkaure
  7382 | D:6      | Found a hide-covered altar of Uskayaw.
  7492 | D:6      | Reached skill level 7 in Stealth
  7550 | D:6      | Found a runed translucent door.
  7551 | D:6      | Noticed Crazy Yiuf
  7641 | D:6      | Reached skill level 5 in Transmutations
  7688 | D:6      | Found a staircase to the Ecumenical Temple.
  7796 | D:6      | Found a sparkling altar of Nemelex Xobeh.
  7873 | D:6      | Reached skill level 5 in Short Blades
  7895 | D:6      | Found an ornate altar of the Wu Jian Council.
  7982 | D:7      | Found Huewala's Weapon Shoppe.
  8004 | D:7      | Found Xunecos's General Store.
  8007 | D:7      | Bought a scroll of identify for 24 gold pieces
  8036 | D:7      | Found Bezaen's Gadget Shoppe.
  8146 | D:7      | Found Lierch's Book Boutique.
  8250 | D:7      | Found Eqythob's General Store.
  8395 | D:7      | Reached skill level 8 in Stealth
  8534 | D:7      | Reached skill level 5 in Spellcasting
  8745 | D:7      | Found a runed translucent door.
  8745 | D:7      | Found a runed translucent door.
  8745 | D:7      | Noticed a red ugly thing
  8746 | D:7      | Found a runed translucent door.
  8746 | D:7      | Noticed a deep elf knight
  8896 | Temple   | Entered the Ecumenical Temple
  9096 | Temple   | Became a worshipper of Gozag Ym Sagoz the Greedy
  9488 | D:8      | Reached skill level 9 in Stealth
  9666 | D:8      | HP: 1/58 [ice beast (7)]
 10144 | D:8      | Reached XP level 10. HP: 63/63 MP: 17/17
 10902 | D:9      | Learned a level 5 spell: Blade Hands
 10913 | D:9      | Reached skill level 10 in Stealth
 11006 | D:9      | Found an ancient bone altar of Kikubaaqudgha.
 11455 | D:9      | Found a basalt altar of Yredelemnul.
 12039 | D:9      | Found a white marble altar of Elyvilon.
 12253 | D:10     | Entered Level 10 of the Dungeon
 12260 | D:9      | Learned a level 3 spell: Ozocubu's Armour
 12307 | D:10     | Reached skill level 5 in Dodging
 12325 | D:10     | Noticed a gargoyle
 12495 | D:10     | Found a runed translucent door.
 12495 | D:10     | Noticed Zutoavo's ghost (journeyman GnFi)
 13002 | D:10     | Identified a scroll of acquirement
 13009 | D:10     | Acquired 1080 gold pieces
 13039 | D:10     | Reached skill level 1 in Charms
 13044 | D:10     | Reached skill level 1 in Ice Magic
 13349 | D:10     | Killed a gargoyle
 13349 | D:10     | Reached skill level 5 in Unarmed Combat
 14544 | D:11     | Slain by a wolf spider zombie

Illustrated notes

Levels and vault maps discovered:
D:1:      co_arrival_square_in_a_square_in_a_square, layout_rooms,
          ashenzari_altar_1
D:2:      kennysheep_the_goblin_king, layout_loops_ring
D:3:      cheibrodos_pilgrimage, layout_basic, fedhas_altar_1,
          chequers_ecumenical_altar_island
D:4:      kennysheep_six_static_rooms, layout_cave_pools, old_standard_altar,
          marbit_many_paths, xom_confusion_cloud, serial_column_ruins,
          column_ruins_square_small, column_ruins_columns_plus,
          column_ruins_grid_1, column_ruins_grid_1,
          column_ruins_corridor_straight, column_ruins_corridor_straight,
          gammafunk_ghost_grave
D:5:      layout_loops_ring, kennysheep_mini_moat,
          nicolae_dithmenos_the_darkroom, nicolae_overflow_crystal_walls,
          first_ration, eino_tiny_chamber, uniq_menkaure, uniq_pikel
D:6:      layout_rooms, lemuel_round_altar, lemuel_coloured_pillars_altar,
          lemuel_temple_firewalk_b, nemelex_dance_club_becter,
          uniq_crazy_yiuf_cottage
D:7:      minmay_the_grid_triangle_9x9_rhombus_full
          [minmay_the_grid_triangle_9x9_subtriangle,
          minmay_the_grid_triangle_9x9_checkered,
          minmay_the_grid_triangle_9x9_fully_insulated_deathbox,
          minmay_the_grid_triangle_9x9_corrupted_corridor,
          minmay_the_grid_triangle_9x9_swiss_cheese,
          minmay_the_grid_triangle_9x9_warning,
          minmay_the_grid_triangle_9x9_descending_squares,
          minmay_the_grid_triangle_9x9_prize_schism], layout_basic,
          serial_shops, nicolae_shop_stone, shop, shop, shop,
          nicolae_shop_behind_doors, the_bakery, kennysheep_generic_room_13
D:8:      layout_basic, minivault_1
D:9:      layout_roguey, kennysheep_ying_yang, kiku_gazebo_pond_becter
D:10:     layout_irregular_city, gammafunk_ghost_grave
D:11:     cheibrodos_grave_circle, layout_cross, lair_entry_dummy, enter_trove_6
Temple:   dpeg_chambers_temple

Skill      XL: |  1  2  3  4  5  6  7  8  9 10 |
---------------+-------------------------------+-----
Stealth        | 1 2 3 4 6 9 10 | 10.6
Unarmed Combat | 4 5 |  5.1
Dodging        | 3 4 5 |  5.3
Transmutations | 3 4 6 7 |  7.1
Spellcasting   | 3 4 5 6 |  6.2
Short Blades   | 1 2 4 5 |  5.5
Evocations     | 1 2 |  2.2
Fighting       | 2 3 4 |  4.6
Charms         | 2 |  2.1
Ice Magic      | 2 |  2.4

Action                   |  1- 3 |  4- 6 |  7- 9 | 10-12 || total
-------------------------+-------+-------+-------+-------++-------
Melee: Unarmed           |    71 |    57 |       |    58 ||   186
       Constrict         |    23 |    36 |    36 |    25 ||   120
       Tentacles         |    13 |    29 |    54 |    28 ||   124
       Punch             |     2 |     3 |     3 |     7 ||    15
       Kick              |     4 |       |       |       ||     4
       Dagger            |       |    76 |   247 |   107 ||   430
 Cast: Beastly Appendage |     2 |       |       |       ||     2
       Blade Hands       |       |       |       |    13 ||    13
       Sticks to Snakes  |       |       |       |     7 ||     7
Evoke: Wand              |       |     3 |     5 |     6 ||    14
  Use: Potion            |       |     1 |       |       ||     1
       Scroll            |       |       |       |    18 ||    18
 Stab: Sleeping          |     3 |     7 |    24 |     7 ||    41
       Distracted        |     1 |       |     2 |     2 ||     5
       Paralysed         |       |     1 |       |       ||     1
  Eat: Chunk             |     1 |     8 |    16 |       ||    25
       Ration            |       |       |     1 |     6 ||     7
Armor: Skin              |     5 |     5 |     6 |     4 ||    20
Dodge: Dodged            |    38 |    73 |   113 |   156 ||   380
